 Dungeon Crawl Stone Soup version 0.28.0-47-ge53b351184 (webtiles) character file.

Game seed: 12599633932032896817

3145 nickcage the Slicer (level 9, 0/45 HPs)
             Began as a Spriggan Enchanter on May 3, 2022.
             Was a Follower of Vehumet.
             Succumbed to a hornet's poison
             ... on level 8 of the Dungeon.
             The game lasted 00:25:15 (8981 turns).

nickcage the Slicer (Spriggan Enchanter)            Turns: 8981, Time: 00:25:15

Health: 0/45       AC:  3    Str: 10    XL:     9   Next: 62%
Magic:  5/14       EV: 17    Int: 24    God:    Vehumet [*.....]
Gold:   311        SH:  0    Dex: 18    Spells: 11/14 levels left

rFire   . . .      SeeInvis +   a - +1 dagger
rCold   . . .      Faith    .   (no shield)
rNeg    . . .      Spirit   .   b - +0 robe
rPois   .          Reflect  .   (helmet restricted)
rElec   .          Harm     .   D - +0 cloak
rCorr   .          Rampage  .   (gloves unavailable)
Will    +....                   (boots unavailable)
Stlth   +++.......              o - amulet of regeneration
HPRegen 0.95/turn               j - +6 ring of strength
MPRegen 0.14/turn               u - +6 ring of intelligence

@: lethally poisoned (0 -> -2), slowed, quick
A: very small, no large weapons, unfitting armour, see invisible, speed 3
a: Renounce Religion


You were on level 8 of the Dungeon.
You worshipped Vehumet.
Vehumet was aware of your devotion.
You visited 2 branches of the dungeon, and saw 9 of its levels.

You collected 335 gold pieces.
You spent 24 gold pieces at shops.

Inventory:

Hand Weapons
 a - a +1 dagger (weapon)
Missiles
 y - 2 boomerangs
 C - a throwing net
Armour
 b - a +0 robe (worn)
 D - a +0 cloak (worn)
Jewellery
 j - a +6 ring of strength (left hand)
 n - a ring of resist corrosion
 o - an amulet of regeneration (around neck)
 u - a +6 ring of intelligence (right hand)
 A - an amulet of guardian spirit
Wands
 r - a wand of iceblast (14)
 t - a wand of flame (11)
Scrolls
 e - a scroll of noise
 f - 6 scrolls of teleportation
 h - a scroll of summoning {unknown}
 l - 3 scrolls of vulnerability {unknown}
 m - 2 scrolls of identify
 q - 2 scrolls of blinking {unknown}
 z - a scroll of immolation {unknown}
 B - a scroll of magic mapping {unknown}
Potions
 c - a potion of invisibility
 d - 2 potions of degeneration
 g - 2 potions of ambrosia {unknown}
 i - a potion of haste {unknown}
 k - a potion of might
 p - a potion of brilliance {unknown}
 s - a potion of curing {unknown}
 v - a potion of attraction {unknown}
 w - a potion of resistance {unknown}
 x - a potion of mutation {unknown}
 E - a potion of berserk rage


   Skills:
 + Level 4.0 Fighting
 * Level 12.4 Short Blades
 - Level 0.8 Throwing
 - Level 2.6 Dodging
 + Level 4.4 Stealth
 - Level 3.0 Spellcasting
 - Level 7.0 Hexes


You had 11 spell levels left.
You knew the following spells:

 Your Spells              Type           Power      Damage    Failure   Level
a - Ensorcelled Hibernat  Hex/Ice        40%        N/A       3%          2
b - Magic Dart            Conj           12%        1d3       11%         1

Your spell library contained the following spells:

 Spells                   Type           Power      Damage    Failure   Level
 Confusing Touch          Hex            37%        N/A       1%          3
 Tukima's Dance           Hex            37%        N/A       1%          3
 Dazzling Flash           Conj/Hex       40%        N/A       8%          3
 Portal Projectile        Hex/Tloc       40%        N/A       8%          3
 Animate Skeleton         Necr           6%         N/A       11%         1
 Apportation              Tloc           6%         N/A       11%         1
 Summon Small Mammal      Summ           12%        N/A       11%         1
 Corpse Rot               Necr/Air       6%         N/A       16%         2
 Poisonous Vapours        Pois/Air       6%         N/A       16%         2
 Anguish                  Hex/Necr       10%        N/A       26%         4
 Leda's Liquefaction      Hex/Erth       10%        N/A       26%         4
 Call Canine Familiar     Summ           3%         N/A       32%         3
 Gell's Gravitas          Tloc           3%         N/A       32%         3
 Teleport Other           Tloc           3%         N/A       32%         3
 Enfeeble                 Hex            18%        N/A       99%         7
 Dispersal                Tloc           1%         N/A       100%        6


Dungeon Overview and Level Annotations

Branches:
Dungeon (8/15)             Temple (1/1) D:5
   Lair: D:8-11

Altars:
Ashenzari
Cheibriados
Fedhas
Gozag
Kikubaaqudgha
Makhleb
Nemelex Xobeh
Okawaru
Qazlal
Sif Muna
Trog
Uskayaw
Vehumet
Yredelemnul
Zin

Shops:
D:3 ?

Annotations:
D:4 2 runed translucent doors, rlgrobin's ghost, amateur HOFi


Innate Abilities, Weirdness & Mutations

You are very small and have problems with some larger weapons.
You are too small for most types of armour.
You have supernaturally acute eyesight. (SInv)
You cover ground extremely quickly. (Speed+++)


Message History

The helpless howler monkey fails to defend itself.
You perforate the howler monkey like a sieve!!!!
You kill the howler monkey!
Vehumet accepts your kill.
You feel your power returning.
Magic restored.
Items here: )))) [[[ ††††.
E - a potion of berserk rage
There is a stone staircase leading down here.
There is a stone staircase leading down here.
Found a stone staircase leading down.
A hornet comes into view.
The hornet buzzes angrily.
The hornet resists with some effort.
The hornet resists with some effort.
The hornet stings you!
You feel yourself slow down.
The hornet resists with some effort.
You feel yourself speed up. The hornet completely misses you.
The hornet stings you!
You feel yourself slow down. The hornet completely misses you.
You are too injured to fight recklessly!
Aiming: Ensorcelled Hibernation (safe; 3% risk of failure)
Press: ? - help, Q - select action, (/) - cycle Shift-Dir - straight line, f/p - hornet
Aim: a hornet (chance to affect: 44%)
The hornet resists with some effort.
The hornet closely misses you. The hornet stings you!
* * * LOW HITPOINT WARNING * * *
You feel as though you will be slow longer.
Aiming: Ensorcelled Hibernation (safe; 3% risk of failure)
Press: ? - help, Q - select action, (/) - cycle Shift-Dir - straight line, f/p - hornet
Aim: a hornet (chance to affect: 44%)
The hornet resists with some effort.
The hornet stings you!
* * * LOW HITPOINT WARNING * * *
You are lethally poisoned!
You feel as though you will be slow longer.
The hornet barely misses you.
* * * LOW HITPOINT WARNING * * *
You feel sick. The hornet misses you.
You die...

.# #####.....# ##....
...........#.###..... ..
.....#.#.)....... .# #.
##..#.####......
...##.###......>>.......
#............#.####.....
#..........#..# #.....
#..........##.# #.....
...>.#@.######.# #...).
... #.## #.# #..... #
#y# #.# #..... ........#
#.# #..... ........#
##.# ##.... .........
#..# ##... .........
##.## #### .........#
#..#
........#####.######


You could see a hornet.

Vanquished Creatures
  Prince Ribbit (D:5)
  Sigmund (D:4)
  2 steam dragons
  Menkaure (D:5)
  Edmund (D:5)
  4 water moccasins
  An orc warrior (D:8)
  2 sky beasts (D:7)
  2 black bears (D:6)
  2 ogres
  A centaur (D:6)
  A phantom (D:6)
  A gnoll sergeant (D:7)
  A bullfrog (D:7)
  A scorpion (D:7)
  A water moccasin zombie (D:5)
  2 howler monkeys (D:8)
  A bullfrog zombie (D:6)
  A bullfrog skeleton (D:6)
  4 hounds
  A centaur zombie (D:5)
  4 orc priests
  Crazy Yiuf (D:7)
  2 centaur skeletons
  An iguana (D:6)
  4 orc wizards
  A hound zombie (D:5)
  A hound skeleton (D:5)
  7 gnolls (D:7)
  8 adders
  A howler monkey skeleton (D:7)
  4 worms
  3 dart slugs
  14 orcs
  7 endoplasms
  A giant cockroach (D:2)
  3 goblins
  6 hobgoblins
  4 jackals (D:2)
  2 quokkas
  6 ball pythons
  13 bats
  2 frilled lizards
  11 kobolds
  4 rats
142 creatures vanquished.

Notes
Turn   | Place    | Note
-------+----------+-------------------------------------------
     0 | D:1      | nickcage the Spriggan Enchanter began the quest for the
                  | Orb.
     0 | D:1      | Reached XP level 1. HP: 9/9 MP: 5/5
   648 | D:1      | Reached XP level 2. HP: 6/13 MP: 6/6
   651 | D:1      | Learned a level 2 spell: Ensorcelled Hibernation
  1792 | D:2      | Found a faded altar of an unknown god.
  1806 | D:2      | Reached XP level 3. HP: 8/16 MP: 1/8
  1831 | D:2      | Reached skill level 5 in Hexes
  2441 | D:2      | Reached XP level 4. HP: 21/21 MP: 6/9
  3635 | D:3      | Reached XP level 5. HP: 24/24 MP: 10/10
  3905 | D:3      | Found Ipeadduz's Magic Scroll Shop.
  3909 | D:3      | Bought a scroll of identify for 24 gold pieces
  4209 | D:4      | Reached skill level 2 in Short Blades
  4230 | D:4      | Noticed an ogre
  4379 | D:3      | Killed an ogre
  4380 | D:3      | Reached skill level 1 in Fighting
  4380 | D:3      | Reached skill level 3 in Short Blades
  4380 | D:3      | Reached XP level 6. HP: 30/30 MP: 0/11
  4551 | D:4      | Found a large runed translucent door.
  4551 | D:4      | Found a large runed translucent door.
  4556 | D:4      | Noticed rlgrobin's ghost (amateur HOFi)
  4581 | D:4      | Reached skill level 4 in Short Blades
  4642 | D:4      | Noticed Sigmund
  4679 | D:4      | Killed Sigmund
  4680 | D:4      | Reached skill level 5 in Short Blades
  4802 | D:4      | Reached XP level 7. HP: 33/33 MP: 9/12
  5067 | D:5      | Entered Level 5 of the Dungeon
  5259 | D:5      | Noticed Edmund
  5268 | D:5      | Killed Edmund
  5269 | D:5      | Reached skill level 6 in Short Blades
  5732 | D:5      | Found a staircase to the Ecumenical Temple.
  5733 | D:5      | Noticed Prince Ribbit
  5745 | D:5      | Killed Prince Ribbit
  5746 | D:5      | Reached skill level 7 in Short Blades
  5750 | Temple   | Entered the Ecumenical Temple
  5754 | Temple   | Became a worshipper of Vehumet
  6198 | D:5      | Reached XP level 8. HP: 32/39 MP: 13/13
  6327 | D:5      | Noticed Menkaure
  6334 | D:5      | Killed Menkaure
  6335 | D:5      | Reached skill level 8 in Short Blades
  6933 | D:6      | Reached skill level 9 in Short Blades
  7221 | D:6      | Reached skill level 10 in Short Blades
  7569 | D:6      | Reached XP level 9. HP: 36/44 MP: 11/14
  7811 | D:7      | Reached skill level 11 in Short Blades
  7931 | D:7      | Reached * piety under Vehumet
  7931 | D:7      | Offered knowledge of Magic Dart by Vehumet.
  7934 | D:7      | Learned a level 1 spell: Magic Dart
  8294 | D:7      | Found a runed translucent door.
  8297 | D:7      | Noticed Crazy Yiuf
  8397 | D:7      | Found a burning altar of Makhleb.
  8670 | D:7      | Reached skill level 12 in Short Blades
  8785 | D:7      | Killed Crazy Yiuf
  8979 | D:8      | HP: 2/45 [hornet (11)]
  8981 | D:8      | Succumbed to a hornet's poison

Illustrated notes

Levels and vault maps discovered:
D:1:      dpeg_arrival_line_fractal, layout_loops_ring
D:2:      layout_basic, shapermc_ecumenical_altar_mp_highgroup
D:3:      layout_rooms, serial_shops, shop_statue
D:4:      layout_rooms, ebering_ghost_disaster_area, st_stairs_11, uniq_sigmund
D:5:      layout_layer_cave, minmay_temple_entry_statues_pillars, uniq_edmund,
          uniq_prince_ribbit1, uniq_menkaure
D:6:      layout_loops_ring
D:7:      lemuel_ice_spiral_2, layout_basic, mainiacjoe_overflow_alcove_1,
          uniq_crazy_yiuf_cottage
D:8:      layout_rooms, general_overflow_altar,
          nicolae_dithmenos_through_a_glass_darkly
Temple:   zaba_magenta_temple

Skill      XL: |  1  2  3  4  5  6  7  8  9 |
---------------+----------------------------+-----
Hexes          | 4 5 6 7 |  7.0
Spellcasting   | 3 |  3.0
Short Blades   | 3 5 7 10 12 | 12.4
Fighting       | 1 2 3 4 |  4.0
Throwing       | |  0.8
Dodging        | |  2.6
Stealth        | |  4.4

Action                   |  1- 3 |  4- 6 |  7- 9 || total
-------------------------+-------+-------+-------++-------
Melee: Dagger            |   101 |    86 |   238 ||   425
       Punch             |     1 |       |     7 ||     8
Throw: Boomerang         |       |       |     3 ||     3
 Cast: Ensorcelled Hiber |    32 |    31 |    68 ||   131
  Use: Scroll            |       |     3 |       ||     3
       Potion            |       |       |     1 ||     1
 Stab: Sleeping          |    23 |    23 |    46 ||    92
       Distracted        |       |       |     1 ||     1
Armor: Robe              |     9 |     7 |    12 ||    28
Dodge: Dodged            |    80 |    68 |   133 ||   281
